 Dungeon Crawl Stone Soup version 0.28-a0-906-g0406aca7d3 (webtiles) character file.

Game seed: 11743257914396963808

3806 kae the Martial Artist (level 9, -1/93 HPs)
             Began as a Green Draconian Transmuter on Nov 23, 2021.
             Was a Believer of Qazlal.
             Shot with an arrow by a centaur (4 damage)
             ... on level 7 of the Dungeon.
             The game lasted 00:07:09 (9953 turns).

kae the Martial Artist (Green Draconian Transmuter) Turns: 9953, Time: 00:07:10

Health: -1/93      AC:  8    Str: 12    XL:     9   Next: 96%
Magic:  13/15      EV: 11    Int: 17    God:    Qazlal [**....]
Gold:   233        SH:  3    Dex: 12    Spells: 8/16 levels left

rFire   x . .      SeeInvis .     - Unarmed
rCold   + + +      Faith    .   (shield currently unavailable)
rNeg    + . .      Spirit   .   (armour unavailable)
rPois   +          Reflect  .   (helmet currently unavailable)
rElec   .          Harm     .   (cloak currently unavailable)
rCorr   .          Rampage  .   (gloves currently unavailable)
Will    .....                   (boots currently unavailable)
Stlth   +.........              (no amulet)
HPRegen 0.25/turn               o - ring of positive energy
MPRegen 0.14/turn               (no ring)

@: ice-form
A: freezing attack, amphibious, boosted hp, (breathe noxious fumes), AC +7,
large, unfitting armour, (poison resistance), (cold-blooded)
a: End Transformation, Renounce Religion, Upheaval


You were on level 7 of the Dungeon.
You worshipped Qazlal.
Qazlal was pleased with you.
You were a creature of crystalline ice.
You visited 2 branches of the dungeon, and saw 8 of its levels.
You also visited: Ossuary.

You collected 233 gold pieces.

Inventory:

Armour
 d - a +0 pair of boots (melded)
 q - a +0 cloak (melded)
Jewellery
 o - a ring of positive energy (left front paw)
 p - a ring of fire
Scrolls
 e - 2 scrolls of teleportation
 j - a scroll of summoning
 l - a scroll of fog
 m - a scroll of fear
Potions
 a - 4 potions of curing
 b - a potion of might
 c - 2 potions of attraction
 f - 2 potions of flight
 h - 2 potions of mutation {unknown}
 i - 3 potions of berserk rage {unknown}
 k - 4 potions of heal wounds {unknown}


   Skills:
 + Level 6.6 Fighting
 + Level 5.6 Dodging
 * Level 9.0 Unarmed Combat
 + Level 4.0 Spellcasting
 * Level 8.8 Transmutations
 * Level 4.5 Ice Magic
 - Level 2.4 Poison Magic


You had 8 spell levels left.
You knew the following spells:

 Your Spells              Type           Power      Damage    Failure   Level
a - Beastly Appendage     Tmut           66%        N/A       1%          1
b - Spider Form           Tmut/Pois      22%        N/A       4%          3
c - Ice Form              Ice/Tmut       26%        N/A       10%         4

Your spell library contained the following spells:

 Spells                   Type           Power      Damage    Failure   Level
 Wereblood                Tmut           33%        N/A       1%          2
 Ignite Poison            Fire/Tmut/Pois 16%        N/A       10%         3
 Animate Skeleton         Necr           6%         N/A       16%         1
 Apportation              Tloc           6%         N/A       16%         1
 Summon Small Mammal      Summ           12%        N/A       16%         1
 Conjure Flame            Conj/Fire      3%         6-21      43%         3
 Tukima's Dance           Hex            3%         N/A       43%         3
 Yara's Violent Unravell  Hex/Tmut       9%         3d6       56%         5
 Passage of Golubria      Tloc           3%         N/A       83%         4
 Sticky Flame             Conj/Fire      3%         2d3       83%         4


Dungeon Overview and Level Annotations

Branches:
Dungeon (7/15)             Temple (1/1) D:4         Ossuary (visited)

Altars:
Ashenzari
Gozag
Hepliaklqana
Okawaru
Qazlal
Ru
Sif Muna
Trog
Vehumet
Wu Jian
Yredelemnul
The Shining One

Annotations:
D:4 3 runed translucent doors, benappo's ghost, amateur MiFi


Innate Abilities, Weirdness & Mutations

You are a creature of crystalline ice.
You have a powerful freezing melee attack.
You are amphibious.
Your maximum health is increased.
Your armour is entirely melded.
You are incapable of wielding weapons or throwing items.
((You can breathe blasts of noxious fumes.))
((Your lurid green scales are hard. (AC +7)))
You cannot fit into any form of body armour.
((Your system is resistant to poisons. (rPois)))
((You are cold-blooded and may be slowed by cold attacks.))


Message History

You turn into a creature of crystalline ice.
Your +0 cloak melds into your body.
Your +0 pair of boots melds into your body.
Found 8 gold pieces.
The centaur shoots an arrow.
The arrow hits you!
The centaur shoots an arrow.
The arrow misses you.
The centaur shoots an arrow.
The arrow hits you!
The centaur shoots an arrow.
The arrow hits you!
A centaur comes into view.
The centaur shoots an arrow.
The arrow hits you!
An orc, an orc priest and an orc wizard come into view.
The orc wizard is wielding a +0 dagger and wearing a +0 robe of positive energy.
Found 21 stones.
The orc wizard shouts!
The centaur wields a +0 shortbow.
The centaur shoots an arrow.
The arrow hits you!
The centaur unwields a +1 vorpal shortbow.
The centaur hits you. The centaur kicks you.
A centaur skeleton comes into view.
The orc priest moves out of view.
The orc moves out of view.
The centaur shoots an arrow.
The arrow hits you!
The centaur shoots an arrow.
The arrow barely misses you.
The centaur shoots an arrow.
The arrow hits you!
* * * LOW HITPOINT WARNING * * *
The centaur wields a +1 vorpal shortbow.
The centaur shoots an arrow.
The arrow hits you.
* * * LOW HITPOINT WARNING * * *
x2 The centaur shoots an arrow.
The arrow barely misses you.
The centaur shoots an arrow.
The arrow hits you!
* * * LOW HITPOINT WARNING * * *
x2 The centaur shoots an arrow.
The arrow hits you.
* * * LOW HITPOINT WARNING * * *
You feel better.
You feel better.
An orc comes into view. It is wielding a +0 whip.
The orc shouts!
The centaur shoots an arrow.
The arrow barely misses you.
The centaur shoots an arrow.
You block the arrow.
The centaur shoots an arrow.
The arrow hits you!
* * * LOW HITPOINT WARNING * * *
You die...

# #.## ## .#.
.# ..# #.#
..#.. ... #.#
#<# #########Y#
..........####
#########....##
#......###
#..)c....#
##≈≈...#.#
..oP.(.c≈o.....
.Z.####≈≈......
..o...###


You could see 2 centaurs and an orc.

Vanquished Creatures
  An orc warrior (D:6)
  2 sky beasts
  A necrophage (D:4)
  2 ogres
  4 elf zombies (Ossuary)
  A bullfrog (D:6)
  2 scorpions
  A jelly (D:6)
  A bullfrog zombie (D:6)
  2 centaur zombies
  A gnoll shaman (D:6)
  A human zombie (Ossuary)
  3 orc priests
  4 iguanas
  An orc wizard (D:5)
  A hound skeleton (D:5)
  3 mummies
  3 gnolls (D:6)
  3 adders
  A white imp (D:4)
  A worm (D:4)
  3 dart slugs
  18 orcs
  5 ball pythons
  5 endoplasms
  A giant cockroach (D:1)
  8 goblins
  6 hobgoblins
  3 jackals (D:1)
  9 kobolds
  7 quokkas
  5 bats
  2 frilled lizards
  A goblin zombie (Ossuary)
  14 hobgoblin zombies (Ossuary)
  A jackal zombie (Ossuary)
  8 kobold zombies (Ossuary)
  8 orc zombies (Ossuary)
  3 rats
146 creatures vanquished.

Vanquished Creatures (others)
  A plant (D:3)
1 creature vanquished.

Grand Total: 147 creatures vanquished

Notes
Turn   | Place    | Note
-------+----------+-------------------------------------------
     0 | D:1      | kae the Draconian Transmuter began the quest for the Orb.
     0 | D:1      | Reached XP level 1. HP: 16/16 MP: 3/3
   663 | D:1      | Reached XP level 2. HP: 15/23 MP: 3/5
   913 | D:1      | Found a faded altar of an unknown god.
  1440 | D:1      | Reached XP level 3. HP: 29/29 MP: 4/6
  1444 | D:1      | Learned a level 3 spell: Spider Form
  2488 | D:2      | Found a broken altar of Ashenzari.
  3549 | D:3      | Reached XP level 4. HP: 28/36 MP: 5/7
  4542 | D:4      | Found a staircase to the Ecumenical Temple.
  4550 | Temple   | Entered the Ecumenical Temple
  4828 | Temple   | Became a worshipper of Qazlal Stormbringer
  4863 | D:4      | Reached skill level 1 in Poison Magic
  4882 | D:4      | Noticed a scorpion
  4893 | D:4      | Killed a scorpion
  4894 | D:4      | Reached XP level 5. HP: 18/42 MP: 5/8
  4943 | D:4      | Found a runed translucent gate.
  4946 | D:4      | Found a runed translucent gate.
  4947 | D:4      | Found a runed translucent gate.
  4948 | D:4      | Noticed benappo's ghost (amateur MiFi)
  4985 | D:4      | Found a sand-covered staircase.
  5004 | Ossuary  | Entered an ossuary
  5116 | Ossuary  | Learned a level 4 spell: Ice Form
  5171 | Ossuary  | Reached skill level 4 in Unarmed Combat
  5270 | Ossuary  | Reached * piety under Qazlal
  5625 | Ossuary  | Reached skill level 1 in Ice Magic
  5625 | Ossuary  | Reached XP level 6. HP: 31/50 MP: 7/10
  6102 | Ossuary  | Your scales start taking on a lurid green colour.
  6102 | Ossuary  | Reached XP level 7. HP: 44/57 MP: 9/11
  6102 | Ossuary  | Gained mutation: Your system is resistant to poisons.
                  | (rPois) [Green Draconian growth]
  6419 | D:4      | Reached ** piety under Qazlal
  6537 | D:4      | Found a radiant altar of Vehumet.
  6880 | D:5      | Entered Level 5 of the Dungeon
  7441 | D:5      | Reached skill level 5 in Unarmed Combat
  7587 | D:5      | Found a broken altar of Ashenzari.
  7672 | D:5      | Identified the +7 quarterstaff of Qestimo {freeze, Dex+2}
  7910 | D:5      | Reached XP level 8. HP: 55/63 MP: 9/13
  8529 | D:6      | Reached skill level 5 in Transmutations
  9257 | D:6      | Reached skill level 6 in Unarmed Combat
  9510 | D:6      | Found a basalt altar of Yredelemnul.
  9510 | D:6      | Found an opulent altar of Gozag.
  9894 | D:6      | Reached skill level 5 in Dodging
  9894 | D:6      | Reached skill level 9 in Unarmed Combat
  9894 | D:6      | Reached XP level 9. HP: 78/78 MP: 15/15
  9948 | D:7      | HP: 1/93 [centaur/arrow (6)]
  9953 | D:7      | HP: 3/93 [centaur/arrow (11)]
  9953 | D:7      | Shot with an arrow by a centaur

Illustrated notes

Levels and vault maps discovered:
D:1:      scummos_arrival_hexagon, layout_basic, basic_ecumenical_altar
D:2:      layout_basic, basic_altar
D:3:      layout_basic, chequers_serial_rivers_room_b, roderic_roman_lattice,
          serial_bayou_lake_a
D:4:      layout_cave_pools, mainiacjoe_overflow_cross_hatched,
          minmay_temple_entry_trees, gup_ossuary_entry_pyramid,
          gammafunk_ghost_necromancy
D:5:      layout_basic, lemuel_round_altar, minmay_misc_feat_cross,
          minivault_11, st_stairs_5
D:6:      layout_basic, mainiacjoe_overflow_divided_tiny
D:7:      layout_loops_ring, serial_shops, nicolae_shop_crystal,
          kb_lookout_dungeons_type, minmay_crossroads
Temple:   jpeg_temple_clearing

Skill      XL: |  1  2  3  4  5  6  7  8 |
---------------+-------------------------+-----
Dodging        | 2 3 5 |  5.6
Fighting       | 2 3 6 |  6.6
Transmutations | 3 4 8 |  8.8
Poison Magic   | 1 2 |  2.4
Unarmed Combat | 4 5 9 |  9.0
Ice Magic      | 1 3 4 |  4.5
Spellcasting   | 3 4 |  4.0

Action                   |  1- 3 |  4- 6 |  7- 9 || total
-------------------------+-------+-------+-------++-------
Melee: Unarmed           |   137 |   253 |   147 ||   537
       Kick              |    22 |    24 |     3 ||    49
       Headbutt          |    10 |    11 |     1 ||    22
       Tailslap          |     7 |    13 |     1 ||    21
       Punch             |     3 |       |       ||     3
 Cast: Beastly Appendage |    35 |    11 |     1 ||    47
       Spider Form       |       |    14 |    23 ||    37
       Ice Form          |       |       |     4 ||     4
  Use: Scroll            |     8 |     2 |     7 ||    17
       Potion            |       |     1 |     4 ||     5
Armor: Skin              |    45 |    37 |    22 ||   104
Dodge: Dodged            |   102 |   144 |   109 ||   355
Block: Other             |       |     4 |    15 ||    19

Table legend: (Time is in decaauts)
 A = Elapsed time spent in this place.
 B = Non-inter-level travel time spent in this place.
 C = Inter-level travel time spent in this place.
 D = Time resting spent in this place.
 E = Time spent auto-exploring this place.
 F = Levels seen in this place.
 G = Mean time per level.
                   A        B        C        D        E       F      G
               +--------+--------+--------+--------+--------+-----+--------+
         Total |   9989 |   9645 |    344 |   1401 |   6878 |   9 | 1109.9 |
       Dungeon |   8436 |   8109 |    327 |   1063 |   6008 |   7 | 1205.1 |
        Temple |    287 |    270 |     17 |     78 |    157 |   1 |  287.0 |
       Ossuary |   1266 |   1266 |      0 |    260 |    713 |   1 | 1266.0 |
               +--------+--------+--------+--------+--------+-----+--------+

Top non-repeatable levels by time:
     D:1: 1726 daAuts
     D:3: 1625 daAuts
     D:6: 1446 daAuts
     D:4: 1307 daAuts
 Ossuary: 1266 daAuts
     D:2: 1251 daAuts
     D:5: 1062 daAuts
  Temple: 287 daAuts
     D:7: 16 daAuts
